 Dungeon Crawl Stone Soup version 0.23-a0-644-gb60d84b (webtiles) character file.

49 Ragbad the Poker (level 3, 0/27 HPs)
             Began as a Merfolk Skald on Jan 2, 2019.
             Succumbed to an adder's poison
             ... on level 2 of the Dungeon.
             The game lasted 00:03:07 (1292 turns).

Ragbad the Poker (Merfolk Skald)                    Turns: 1292, Time: 00:03:08

Health: 0/27       AC:  3    Str: 12    XL:     3   Next: 75%
Magic:  6/6        EV: 12    Int: 12    God:
Gold:   32         SH:  0    Dex: 13    Spells: 3/6 levels left

rFire    + . .     SeeInvis .   a - +0 spear
rCold    . . .     Gourm    .   (no shield)
rNeg     . . .     Faith    .   b - +0 leather armour
rPois    +         Spirit   .   (no helmet)
rElec    .         Reflect  .   (no cloak)
rCorr    .         Harm     .   (no gloves)
MR       .....                  (no boots)
Stlth    +.........             (no amulet)
HPRegen  0.09/turn              h - ring of poison resistance
MPRegen  0.10/turn              m - ring of protection from fire

@: lethally poisoned (0 -> -1), flying
A: change form in water, swift swim, stealthy swim
a: no special abilities


You were on level 2 of the Dungeon.
You were not hungry.

You visited 1 branch of the dungeon, and saw 2 of its levels.

You collected 32 gold pieces.

Inventory:

Hand Weapons
 a - a +0 spear (weapon)
Missiles
 e - 20 stones (quivered)
Armour
 b - a +0 leather armour (worn)
Jewellery
 h - a ring of poison resistance (left hand)
 m - a ring of protection from fire (right hand)
Scrolls
 c - a scroll of noise {unknown}
 f - a scroll of remove curse {unknown}
 g - 2 scrolls of teleportation {unknown}
 j - a scroll of identify {unknown}
 l - a scroll of enchant weapon {unknown}
Comestibles
 d - 4 rations
 i - 9 chunks of flesh


   Skills:
 - Level 2.1 Fighting
 + Level 4.2 Polearms
 - Level 0.6 Armour
 - Level 2.6 Dodging
 - Level 0.1 Stealth
 + Level 2.3 Spellcasting
 + Level 4.1 Charms


You had 3 spell levels left.
You knew the following spells:

 Your Spells              Type           Power        Failure   Level  Hunger
a - Infusion              Chrm           ##..         6%          1    ##.....
b - Shroud of Golubria    Chrm/Tloc      #.........   22%         2    ###....

Your spell library contained the following spells:

 Spells                   Type           Power        Failure   Level  Hunger
 Song of Slaying          Chrm           ##......     10%         2    ###....
 Regeneration             Chrm/Necr      #.........   38%         3    ####...
 Spectral Weapon          Hex/Chrm       #.......     38%         3    ####...


Dungeon Overview and Level Annotations

Branches:
Dungeon (2/15)

Altars:

Annotations:
D:2 exclusion: adder


Message History

The hobgoblin is heavily wounded.
* * * LOW HITPOINT WARNING * * *
You feel sick. The hobgoblin closely misses you.
You barely miss the hobgoblin.
The hobgoblin is heavily wounded.
The hobgoblin hits you but does no damage.
It was a potion of flight.
You feel very buoyant.
You fly up into the air.
* * * LOW HITPOINT WARNING * * *
You feel sick. The hobgoblin barely misses you.
* * * LOW HITPOINT WARNING * * *
You feel sick.
* * * LOW HITPOINT WARNING * * *
You feel sick.
You aren't carrying any potions.
Unknown command.
* * * LOW HITPOINT WARNING * * *
You feel sick.
You die...

#.......>.......#
###..............#
#................#####.
#...#...#....<.........
#...##.##......รท.####.#
#...#####........# #...#
#.......## #
#...#####..##.### ..
#...g.@.......# ...
#.......###...# .s!S
##.###..# #.### (....
#.# #..###.###...... #.#
#...........)... #.#
#.######.##..... #.# #.#
#.# ... #.# #.# #.# #
#.# #.# #.#


You could see a hobgoblin.

Vanquished Creatures
  2 adders (D:2)
  A dart slug (D:2)
  2 leopard geckos
  3 bats
  5 giant cockroaches (D:2)
  2 goblins (D:1)
  2 hobgoblins (D:1)
  2 frilled lizards
  3 kobolds (D:1)
  3 rats
25 creatures vanquished.

Notes
Turn   | Place    | Note
-------+----------+-------------------------------------------
     0 | D:1      | Ragbad the Merfolk Skald began the quest for the Orb.
     0 | D:1      | Reached XP level 1. HP: 16/16 MP: 3/3
   305 | D:1      | Reached XP level 2. HP: 12/22 MP: 5/5
   487 | D:1      | Learned a level 2 spell: Shroud of Golubria
  1102 | D:2      | Reached XP level 3. HP: 25/27 MP: 6/6
  1284 | D:2      | HP: 1/27 [poisoned by an adder]
  1292 | D:2      | Succumbed to an adder's poison

Vault maps used:
D:1:      ebering_trefoil_twist
D:2:      minmay_roachtagon, lemuel_round_altar, grunt_gozag_statues,
          grunt_dithmenos_smoke

Skill      XL: |  1  2  3 |
---------------+----------+-----
Charms         | 4 |  4.1
Polearms       | 4 |  4.2
Fighting       | |  2.1
Armour         | |  0.6
Dodging        | |  2.6
Stealth        | |  0.1
Spellcasting   | |  2.3

Action                   || total
-------------------------++-------
Melee: Spear             ||   123
 Cast: Infusion          ||     3
  Use: Potion            ||     1
 Stab: Sleeping          ||     2
  Eat: Chunk             ||     1
Armor: Leather armour    ||    21
Dodge: Dodged            ||    77

Table legend:
 A = Non-vault XP
 B = Vault XP
 C = Vault XP percentage of total XP
 D = Non-vault monster count
 E = Vault monster count
 F = Vault count percentage of total count
                 A         B        C        D         E       F
            +---------+---------+-------+---------+---------+-------
      Total |      60 |      10 |  14.3 |      20 |       5 |  20.0
            +---------+---------+-------+---------+---------+-------
        D:1 |      23 |       0 |   0.0 |      13 |       0 |   0.0
        D:2 |      37 |      10 |  21.3 |       7 |       5 |  41.7
            +---------+---------+-------+---------+---------+-------
